 Dungeon Crawl Stone Soup version 0.22-a0-779-g6f83d72c62 (webtiles) character file.

35 RedPan the Charmwright (level 3, -1/27 HPs)
             Began as a Vampire Skald on July 19, 2018.
             Killed from afar by an orc wizard (7 damage)
             ... with a magic dart
             ... on level 2 of the Dungeon.
             The game lasted 00:03:26 (1219 turns).

RedPan the Charmwright (Vampire Skald)              Turns: 1219, Time: 00:03:26

Health: -1/27      AC:  3    Str: 10    XL:     3   Next: 16%
Magic:  1/6        EV: 12    Int: 16    God:
Gold:   39         SH:  0    Dex: 13    Spells: 3/6 levels left

rFire    . . .     SeeInvis +   j - +0 dagger
rCold    + . .     Gourm    .   (no shield)
rNeg     + + .     Faith    .   b - +0 leather armour
rPois    +         Spirit   .   (no helmet)
rElec    .         Reflect  .   (no cloak)
rCorr    .         Harm     .   (no gloves)
MR       .....                  (no boots)
Stlth    +++.......             (no amulet)
HPRegen  0.04/turn              (no ring)
MPRegen  0.10/turn              (no ring)

@: infused, regenerating slowly
A: fangs 3, see invisible, unbreathing
a: Bat Form


You were on level 2 of the Dungeon.
You were thirsty.

You visited 1 branch of the dungeon, and saw 2 of its levels.

You collected 39 gold pieces.

Inventory:

Hand Weapons
 a - a +0 short sword
 j - a +0 dagger (weapon)
Armour
 b - a +0 leather armour (worn)
Scrolls
 c - a scroll of fog {unknown}
 g - a scroll of random uselessness {unknown}
 h - a scroll of enchant weapon {unknown}
 l - a scroll of teleportation {unknown}
Potions
 d - 6 potions of blood
 i - a potion of lignification {unknown}
 k - a potion of magic {unknown}


   Skills:
 - Level 1.7 Fighting
 + Level 2.6 Short Blades
 - Level 0.7 Armour
 + Level 2.6 Dodging
 + Level 1.5 Stealth
 + Level 2.3 Spellcasting
 + Level 3.6 Charms


You had 3 spell levels left.
You knew the following spells:

 Your Spells              Type           Power        Failure   Level  Hunger
a - Infusion              Chrm           ##..         6%          1    #......
b - Song of Slaying       Chrm           ##......     9%          2    ###....

Your spell library contained the following spells:

 Spells                   Type           Power        Failure   Level  Hunger
 Regeneration             Chrm/Necr      #.........   36%         3    ###....
 Shroud of Golubria       Chrm/Tloc      #.........   21%         2    ###....
 Spectral Weapon          Hex/Chrm       #.......     36%         3    ###....


Dungeon Overview and Level Annotations

Branches:
Dungeon (2/15)

Altars:
Elyvilon
Fedhas


Innate Abilities, Weirdness & Mutations

You heal slowly.
You have razor-sharp teeth.
You have supernaturally acute eyesight. (SInv)
You can survive without breathing.


Message History

You hit the orc wizard.
The orc wizard is severely wounded.
The orc wizard points at you and mumbles some strange words.
You resist with some effort.
You hit the orc wizard.
The orc wizard is severely wounded.
The orc wizard hits you with a dagger.
* * * LOW HITPOINT WARNING * * *
You miss the orc wizard.
The orc wizard is severely wounded.
The orc wizard casts a spell at you. The puff of flame hits you!
* * * LOW HITPOINT WARNING * * *
It was a potion of curing.
You feel better. The orc wizard hits you with a dagger.
* * * LOW HITPOINT WARNING * * *
It was a potion of berserk rage.
You feel slightly irritated.
The orc wizard gestures at you while chanting.
The magic dart hits you!
You die...

##....# ....... .......
........ ...#....
........###############
............##..<....#
.......÷..>.†.o@.....#
........######....)..#
.........# #.......#
..........# #......(#
..$.....[..# #.......#
...o........# #.......#
..._........# #.......#
...8........# #.......#
..%_........# #########


You could see an orc wizard.

Vanquished Creatures
  A worm (D:2)
  2 dart slugs (D:1)
  2 leopard geckos
  An orc (D:2)
  A ball python (D:2)
  2 giant cockroaches (D:1)
  A goblin (D:1)
  2 hobgoblins (D:1)
  3 jackals (D:1)
  2 bats (D:1)
  2 frilled lizards
  4 kobolds (D:1)
  A rat (D:2)
24 creatures vanquished.

Notes
Turn   | Place    | Note
-------+----------+-------------------------------------------
     0 | D:1      | RedPan the Vampire Skald began the quest for the Orb.
     0 | D:1      | Reached XP level 1. HP: 16/16 MP: 3/3
   176 | D:1      | Reached XP level 2. HP: 14/22 MP: 0/5
   183 | D:1      | Learned a level 2 spell: Song of Slaying
   527 | D:1      | Reached skill level 1 in Stealth
  1050 | D:2      | Reached XP level 3. HP: 27/27 MP: 6/6
  1075 | D:2      | Found a blossoming altar of Fedhas.
  1077 | D:2      | Found a white marble altar of Elyvilon.
  1217 | D:2      | HP: 1/27 [orc wizard/puff of flame (7)]
  1219 | D:2      | Killed from afar by an orc wizard

Vault maps used:
D:1:      lemuel_arrival_hallway, minmay_small_reverse_x
D:2:      chequers_temple_overflow_statue_of_worship, first_ration

Skill      XL: |  1  2 |
---------------+-------+-----
Stealth        | 1 |  1.5
Fighting       | |  1.7
Short Blades   | |  2.6
Armour         | |  0.7
Dodging        | |  2.6
Spellcasting   | |  2.3
Charms         | |  3.6

Action                   || total
-------------------------++-------
Melee: Short sword       ||    52
       Bite              ||     6
       Dagger            ||    43
 Cast: Infusion          ||     9
  Use: Potion            ||     2
 Stab: Sleeping          ||     1
Armor: Leather armour    ||    16
Dodge: Dodged            ||    55

Table legend:
 A = Spawn XP
 B = Non-spawn XP
 C = Spawn XP percentage of total XP
 D = Spawn monster count
 E = Non-spawn monster count
 F = Spawn count percentage of total count
 G = Total turns spent on level
                    A         B        C        D         E        F      G
               +---------+---------+-------+---------+---------+-------+---------
         Total |       0 |      50 |   0.0 |       0 |      24 |   0.0 |  1219
               +---------+---------+-------+---------+---------+-------+---------
           D:1 |       0 |      35 |   0.0 |       0 |      18 |   0.0 |  1096
           D:2 |       0 |      15 |   0.0 |       0 |       6 |   0.0 |   123
               +---------+---------+-------+---------+---------+-------+---------
